 Dungeon Crawl Stone Soup version 0.29.1-2-gbd0b4ee654 (webtiles) character file.

Game seed: 14163004509191764979

361 GorkyZ the Trooper (level 6, -5/49 HPs)
             Began as a Demonspawn Fighter on Nov 19, 2022.
             Slain by a gnoll
             ... wielding a +0 club
              (7 damage)
             ... on level 3 of the Dungeon.
             The game lasted 00:09:06 (2385 turns).

GorkyZ the Trooper (Demonspawn Fighter)             Turns: 2385, Time: 00:09:07

Health: -5/49      AC: 10    Str: 18    XL:     6   Next: 38%
Magic:  6/6        EV: 10    Int: 10    God:
Gold:   122        SH:  6    Dex: 12    Spells: 5/5 levels left

rFire   . . .      SeeInvis .   k - +1 whip (pain)
rCold   . . .      Faith    .   c - +1 buckler
rNeg    . . .      Spirit   .   m - +3 scale mail
rPois   .          Reflect  .   (no helmet)
rElec   .          Harm     .   (no cloak)
rCorr   .          Rampage  .   (no gloves)
Will    .....                   (no boots)
Stlth   +.........              (no amulet)
HPRegen 0.16/turn               (no ring)
MPRegen 0.10/turn               (no ring)

@: no status effects
A: spiny 1, sturdy frame 2
a: no special abilities


You were on level 3 of the Dungeon.
You visited 1 branch of the dungeon, and saw 3 of its levels.

You collected 148 gold pieces.
You spent 26 gold pieces at shops.

Inventory:

Hand Weapons
 a - a +0 flail
 g - a +0 mace
 k - a +1 whip of pain (weapon)
Missiles
 i - 3 boomerangs (quivered)
Armour
 b - a +0 scale mail
 c - a +1 buckler (worn)
 h - a +0 chain mail
 m - a +3 scale mail (worn)
 n - a +0 plate armour
Scrolls
 f - a scroll of teleportation
Potions
 d - 2 potions of might
 e - a potion of haste
 j - a potion of attraction {unknown}
 l - a potion of magic {unknown}
 o - a potion of lignification {unknown}


   Skills:
 + Level 4.4 Fighting
 + Level 3.5 Maces & Flails
 + Level 4.0 Armour
 + Level 4.0 Shields


You had 5 spell levels left.
You didn't know any spells.
Your spell library was empty.

Dungeon Overview and Level Annotations

Branches:
Dungeon (3/15)

Altars:

Shops:
D:2 ?   D:3 (

Annotations:
D:3 3 runed translucent doors, Syrassil's ghost, amateur KoAK


Innate Abilities, Weirdness & Mutations

You are partially covered in sharp spines.
Your movements are less encumbered by armour. (ER -4)


Message History

The gnoll barely misses you. The gnoll hits you with a +0 flail.
The kobold brigand hits you with a +0 short sword.
The gnoll barely misses you. You block the gnoll's attack.
You barely miss the gnoll.
The gnoll is heavily wounded.
The kobold hits you but does no damage. You block the gnoll's attack.
The gnoll closely misses you. The gnoll hits you with a +0 flail!
The kobold brigand is struck by your spines.
The kobold brigand hits you but does no damage.
The gnoll is struck by your spines. The gnoll misses you.
The gnoll hits you with a +0 club.
You barely miss the gnoll.
The gnoll is lightly wounded.
The kobold hits you but does no damage. The gnoll barely misses you.
The gnoll hits you from afar with a +0 spear.
The kobold brigand hits you but does no damage.
The gnoll hits you with a +0 flail. x2; You block the gnoll's attack.
You hit the gnoll.
The gnoll is severely wounded.
The kobold is struck by your spines.
You kill the kobold!
The gnoll hits you but does no damage.
The gnoll hits you from afar with a +0 spear.
The gnoll is struck by your spines. The gnoll hits you with a +0 flail.
* * * LOW HITPOINT WARNING * * *
The kobold brigand closely misses you. The gnoll hits you with a +0 flail.
* * * LOW HITPOINT WARNING * * *
The gnoll is struck by your spines. The gnoll hits you with a +0 club.
* * * LOW HITPOINT WARNING * * *
You hit the gnoll.
You kill the gnoll!
The kobold barely misses you. The gnoll hits you but does no damage.
The gnoll hits you from afar with a +0 spear.
* * * LOW HITPOINT WARNING * * *
The gnoll is struck by your spines.
You kill the gnoll!
The kobold brigand is struck by your spines.
The kobold brigand closely misses you. The gnoll is struck by your spines.
The gnoll hits you with a +0 club!
You die...

#############################
#..............#.......#....#
#...(..........'.......#....#
#.............)#########....####
....########..gKK.....#((....#..
.gK. #.)g)@.....'......'.. ...
#####)))g).....#......#.. #..
.........)#########....## #.
.........)'...... #....# #.
..........#...... #....#
#########################''######
#≈≈≈≈≈≈≈≈≈≈≈≈≈≈≈≈≈≈≈≈≈~~....~≈≈≈≈
≈≈≈≈≈≈~≈≈≈≈≈≈≈≈≈≈≈≈≈≈~~~....~~≈≈≈
~~~~≈~~~~~~~~≈≈~~~~~~~~~.....~~≈~


You could see a kobold brigand, 3 gnolls and a kobold.

Vanquished Creatures
  Sigmund (D:2)
  6 adders
  8 gnolls (D:3)
  A worm (D:3)
  A dart slug (D:2)
  2 ball pythons (D:3)
  6 endoplasms
  6 giant cockroaches
  4 hobgoblins
  3 jackals (D:3)
  4 quokkas
  8 bats
  4 frilled lizards
  3 goblins
  25 kobolds
  4 rats
86 creatures vanquished.

Vanquished Creatures (others)
  3 fungi (D:3)
  A plant (D:3)
4 creatures vanquished.

Grand Total: 90 creatures vanquished

Notes
Turn   | Place    | Note
-------+----------+-------------------------------------------
     0 | D:1      | GorkyZ the Demonspawn Fighter began the quest for the Orb.
     0 | D:1      | Reached XP level 1. HP: 18/18 MP: 1/1
   181 | D:1      | Gained mutation: You are partially covered in sharp spines.
                  | [demonic ancestry]
   181 | D:1      | Reached XP level 2. HP: 24/24 MP: 2/2
   603 | D:2      | Gained mutation: Your movements are slightly less
                  | encumbered by armour. (ER -2) [demonic ancestry]
   603 | D:2      | Reached XP level 3. HP: 27/29 MP: 3/3
   907 | D:2      | Found Naciqam's Magic Scroll Shoppe.
   916 | D:2      | Bought a scroll of identify for 26 gold pieces
  1174 | D:2      | Noticed Sigmund
  1190 | D:2      | Killed Sigmund
  1191 | D:2      | Reached XP level 4. HP: 35/37 MP: 4/4
  1191 | D:2      | Gained mutation: Your movements are less encumbered by
                  | armour. (ER -4) [demonic ancestry]
  1191 | D:2      | Reached XP level 5. HP: 40/42 MP: 5/5
  1324 | D:3      | Found a faded altar of an unknown god.
  1426 | D:3      | Found Zoamnil's Weapon Boutique.
  1570 | D:3      | Found a runed translucent gate.
  1571 | D:3      | Found a runed translucent gate.
  1572 | D:3      | Found a runed translucent gate.
  1575 | D:3      | Noticed Syrassil's ghost (amateur KoAK)
  1629 | D:3      | Reached XP level 6. HP: 46/48 MP: 6/6
  1784 | D:3      | Found a glowing drain.
  2385 | D:3      | HP: 2/49 [gnoll/+0 spear (3)]
  2385 | D:3      | Slain by a gnoll

Illustrated notes

Levels and vault maps discovered:
D:1:      dpeg_arrival_shrine, layout_rooms
D:2:      layout_loops_ring, serial_shops, nicolae_lakefront_shop,
          item_on_display_b, uniq_sigmund
D:3:      minmay_goblin_kobold_castle, layout_basic,
          hellmonk_ecumenical_altar_dog_temple, serial_shops,
          nicolae_shop_statue_plus, portal_sewer_entry_f,
          gammafunk_ghost_nasty_kobolds, hangedman_decor_riveting,
          grunt_ministairs_7, nicolae_elevator_lobby_asterisk

Skill      XL: |  1  2  3  4  5  6 |
---------------+-------------------+-----
Maces & Flails | 2 3 |  3.5
Armour         | 3 4 |  4.0
Shields        | 3 4 |  4.0
Fighting       | 4 |  4.4

Action                   |  1- 3 |  4- 6 || total
-------------------------+-------+-------++-------
Melee: Flail             |    41 |       ||    41
       Mace              |    28 |       ||    28
       Whip              |    16 |   124 ||   140
  Use: Scroll            |     5 |     1 ||     6
Armor: Scale mail        |    23 |    34 ||    57
       Chain mail        |    16 |    25 ||    41
Dodge: Dodged            |    35 |    65 ||   100
Block: Buckler           |    16 |    52 ||    68
